 Dungeon Crawl Stone Soup version 0.26.0-10-g1f06aea511 (webtiles) character file.

Game seed: 11124096517927219975

222599 Amaterasu the Minotaur Blade (level 18, -4/163 HPs)
             Began as a Minotaur Fighter on Jan 25, 2021.
             Was the Champion of Okawaru.
             Collided with a stone wall (17 damage)
             ... caused by a nagaraja
             ... on level 4 of the Snake Pit.
             The game lasted 01:04:24 (27882 turns).

Amaterasu the Minotaur Blade (Minotaur Fighter)    Turns: 27882, Time: 01:04:25

Health: -4/163     AC: 24    Str: 34    XL:     18   Next: 91%
Magic:  19/22      EV: 10    Int:  5    God:    Okawaru [******]
Gold:   1474       SH:  0    Dex: 11    Spells: 17/17 levels left

rFire    + . .     SeeInvis .   X - +5 triple sword (vamp)
rCold    + . .     Faith    .   (shield currently unavailable)
rNeg     . . .     Spirit   .   Y - +1 plate armour {rF+}
rPois    +         Reflect  .   F - +1 hat
rElec    .         Harm     .   s - +2 cloak {rPois}
rCorr    +         Rampage  .   E - +0 pair of gloves of Space {rC+ Regen+ rCorr}
Will     ++...                  b - +0 pair of boots
Stlth    ..........             T - amulet of regeneration
HPRegen  1.17/turn              J - ring of willpower
MPRegen  0.18/turn              t - +6 ring of strength

@: mighty, lethally poisoned (-4 -> -5), finesse, hasted, constricted, very
quick
A: retaliatory headbutt, horns 2
a: Renounce Religion, Heroism, Finesse


You were on level 4 of the Snake Pit.
You worshipped Okawaru.
Okawaru was exalted by your worship.
You visited 5 branches of the dungeon, and saw 28 of its levels.
You also visited: Sewer, Gauntlet and Volcano.

You collected 3135 gold pieces.
You spent 1661 gold pieces at shops.

Inventory:

Hand Weapons
 q - a +0 arbalest
 R - the +2 Maxwell's thermic engine {flame, freeze}
   (You found it in a Gauntlet)

   It has been specially enchanted to burn those struck by it, causing extra
   injury to most foes and up to half again as much damage against particularly
   susceptible opponents.
   Big, fiery blades are also staple armaments of hydra-hunters.
   It has been specially enchanted to freeze those struck by it, causing extra
   injury to most foes and up to half again as much damage against particularly
   susceptible opponents.
 X - a +5 vampiric triple sword (weapon)
Missiles
 v - 492 bolts
 W - 15 silver javelins (quivered)
Armour
 b - a +0 pair of boots (worn)
 s - a +2 cloak of poison resistance (worn)
 E - the +0 pair of gloves of Space (worn) {rC+ Regen+ rCorr}
   (You bought it in a shop on level 8 of the Dungeon)

   It protects you from cold.
   It increases your rate of regeneration.
   It provides partial protection from all sources of acid and corrosion.
 F - a +1 hat (worn)
 S - a +2 kite shield of positive energy
 Y - a +1 plate armour of fire resistance (worn)
Jewellery
 d - a +4 ring of evasion
 h - an uncursed ring of protection from fire
 m - an uncursed ring of see invisible
 t - a +6 ring of strength (right hand)
 u - an uncursed ring of protection from cold
 J - a ring of willpower (left hand)
 O - an uncursed ring of positive energy
 T - an amulet of regeneration (around neck)
Wands
 a - a wand of iceblast (16)
 c - a wand of paralysis (6)
 l - a wand of disintegration (12)
 r - a wand of enslavement (25)
 C - a wand of digging (5)
 L - a wand of random effects (123)
 P - a wand of flame (65)
 Q - a wand of polymorph (17)
 U - a wand of acid (25)
Scrolls
 e - 14 scrolls of remove curse
 g - 11 scrolls of teleportation
 i - 10 scrolls of fear
 n - 6 scrolls of fog
 w - 6 scrolls of enchant armour
 x - 2 scrolls of magic mapping
 y - 4 scrolls of amnesia
 H - a scroll of blinking
 K - 9 scrolls of identify
 N - 4 scrolls of random uselessness
Potions
 f - 4 potions of lignification
 j - 10 potions of curing
 k - 3 potions of heal wounds
 o - 4 potions of magic
 p - 6 potions of flight
 z - 3 potions of might
 A - 3 potions of ambrosia
 B - 2 potions of mutation
 G - 7 potions of berserk rage
 I - a potion of cancellation
 M - 2 potions of haste
 Z - a potion of resistance
Miscellaneous
 D - a phantom mirror
 V - a condenser vane


   Skills:
 - Level 15.0 Fighting
 * Level 21.9 Long Blades
 * Level 13.7 Crossbows
 - Level 12.0 Armour
 - Level 10.0 Dodging
 - Level 10.0 Shields
 - Level 7.0 Invocations
 * Level 8.8 Evocations


You had 17 spell levels left.
You didn't know any spells.
Your spell library contained the following spells:

 Spells                   Type           Power        Failure   Level
 Animate Skeleton         Necr           0%           95%         1
 Apportation              Tloc           0%           95%         1
 Corona                   Hex            0%           95%         1
 Foxfire                  Conj/Fire      0%           95%         1
 Magic Dart               Conj           0%           95%         1
 Sting                    Tmut/Pois      0%           95%         1
 Summon Small Mammal      Summ           0%           95%         1
 Blink                    Tloc           N/A          99%         2
 Call Imp                 Summ           0%           99%         2
 Corpse Rot               Necr/Air       N/A          99%         2
 Poisonous Vapours        Pois/Air       0%           99%         2
 Slow                     Hex            0%           99%         2
 Sublimation of Blood     Necr           0%           99%         2
 Call Canine Familiar     Summ           0%           100%        3
 Conjure Flame            Conj/Fire      0%           100%        3
 Ignite Poison            Fire/Tmut/Pois 0%           100%        3
 Inner Flame              Hex/Fire       0%           100%        3
 Mephitic Cloud           Conj/Pois/Air  0%           100%        3
 Static Discharge         Conj/Air       0%           100%        3
 Summon Guardian Golem    Hex/Summ       0%           100%        3
 Dispel Undead            Necr           0%           100%        4
 Leda's Liquefaction      Hex/Erth       0%           100%        4
 Olgreb's Toxic Radiance  Pois           0%           100%        4
 Sticky Flame             Conj/Fire      0%           100%        4
 Summon Ice Beast         Ice/Summ       0%           100%        4
 Summon Lightning Spire   Summ/Air       0%           100%        4
 Agony                    Necr           0%           100%        5
 Bolt of Magma            Conj/Fire/Erth 0%           100%        5
 Excruciating Wounds      Necr           0%           100%        5
 Fireball                 Conj/Fire      0%           100%        5
 Lightning Bolt           Conj/Air       0%           100%        5
 Iron Shot                Conj/Erth      0%           100%        6
 Statue Form              Tmut/Erth      0%           100%        6
 Ignition                 Fire           0%           100%        8
 Shatter                  Erth           0%           100%        9
 Tornado                  Air            0%           100%        9


Dungeon Overview and Level Annotations

Branches:
Dungeon (15/15)            Temple (1/1) D:7            Lair (6/6) D:8
 Shoals (0/4) Lair:3        Snake (4/4) Lair:4        Slime (0/5) Lair:5
    Orc (2/2) D:12            Elf (0/3) Orc:2        Vaults (0/5) D:13
 Depths (0/5) D:15          Sewer (visited)         Volcano (visited)
Gauntlet (visited)

Altars:
Ashenzari
Cheibriados
Dithmenos
Elyvilon
Fedhas
Gozag
Hepliaklqana
Kikubaaqudgha
Makhleb
Nemelex Xobeh
Okawaru
Qazlal
Ru
Sif Muna
Trog
Uskayaw
Vehumet
Wu Jian
Xom
Yredelemnul
Zin
The Shining One
Beogh
Jiyva
Lugonu

Shops:
D:8 [   D:9 ?   Orc:2 ?[(:   Snake:1 [(*=}==(   Snake:2 ((   Snake:4 !

Portals:
Abyss: Lair:3
Trove: D:10 (show slimy rune of Zot)

Annotations:
Snake:3 2 transporters


Innate Abilities, Weirdness & Mutations

You reflexively headbutt those who attack you in melee.
You have a pair of horns on your head.


Message History

Unknown command.
You feel better.
The naga mage hits you but does no damage.
The nagaraja gestures at you while chanting.
You resist with almost no effort. The naga mage completely misses you.
The naga misses you. You furiously retaliate!
You headbutt the naga!!
You riposte.
You closely miss the naga.
The naga is severely wounded.
The naga constricts you.
The naga mage points at you and mumbles some strange words.
The poison arrow hits you.
You are poisoned.
You partially resist.
* * * LOW HITPOINT WARNING * * *
The nagaraja gestures at you while chanting.
The lance of force hits you!!
* * * LOW HITPOINT WARNING * * *
You are knocked back by the lance of force.
You slam into the stone wall!
You die...

....##......##.......##..##......
....##.[....##..##...##..###.....
....#####...##)(#*...##...##.....
....######..##)(#*,..##..........
....##......##)(#*,..##..........
....##......##))#*...#######.....
^...##......##.(##....##***##...#
....##..######.)#N......,,,*#...#
....##### *###@N.#*,,,****#####
....# ***#..NNNN.....,,******
....# **#....NN........,,*,,,,**
....# *,..N#...........,,*,,,,,,
....# **,..,#NN#.....#..,,*,,,,,,
....# *,,,,*............,,*,,,,,,
....# *,,,,N.#........#.,**,,,,,,
....#**,,,...###...⌠..N,**,,*,,,,
....#*,,,,,,,,,,,,,,,,,,*,,,,,,,,


You could see a naga warrior, 2 nagarajas, 3 naga sharpshooters, a naga
ritualist, 4 naga magi and 2 nagas.

Vanquished Creatures
  Gastronok (D:8)
  7 nagarajas
  Aizul (Snake:1)
  Azrael (Snake:3)
  A minotaur (Gauntlet)
  A death ooze (Gauntlet)
  Josephine (Lair:5)
  6 hydras
  2 ice dragons (D:15)
  6 naga warriors
  5 anacondas (Snake:1)
  3 boulder beetles
  4 centaur warriors
  2 catoblepae
  3 ogre magi
  A death knight (D:15)
  14 two-headed ogres
  A deep troll shaman (Lair:6)
  11 death yaks
  10 naga sharpshooters
  A vampire mage (D:15)
  9 shock serpents
  Sonja (Lair:3)
  Nergalle (Orc:2)
  A salamander mystic (Snake:2)
  9 skeletal warriors
  An unseen horror (D:14)
  6 naga ritualists
  A wizard (D:13)
  2 lindwurms
  A wolf spider zombie (D:15)
  A phantasmal warrior (D:15)
  An orc knight (Orc:2)
  8 mana vipers
  2 necromancers
  14 ugly things
  3 deep elf magi
  9 orc sorcerers (Orc:2)
  10 salamanders
  2 cyclopes (D:15)
  9 elephants (Lair:6)
  4 manticores
  3 centaur zombies
  13 naga magi
  A torpor snail (Lair:5)
  25 black mambas
  2 minotaur zombies (Gauntlet)
  A guardian serpent (Snake:4)
  17 cane toads
  3 gargoyles
  7 centaur skeletons
  Maggie (Lair:1)
  2 kobold demonologists (D:15)
  3 rime drakes
  An efreet (D:14)
  9 komodo dragons
  2 freezing wraiths (D:15)
  5 trolls
  3 tengu conjurers
  5 polar bears
  21 blink frogs
  5 slime creatures (D:15)
  17 dream sheep
  Sigmund (D:3)
  4 wyverns
  60 yaks
  6 shadows
  6 wraiths
  A vampire (D:9)
  4 basilisks
  2 fire elementals (Snake:3)
  7 vampire mosquitoes
  3 fire bats (Volcano)
  2 wargs
  35 nagas
  A soldier ant (D:14)
  3 hell hounds
  17 water moccasins
  A meliai simulacrum (D:15)
  Purgy (Sewer)
  17 orc warriors
  A black bear (Lair:1)
  2 eyes of draining (D:14)
  10 ice beasts
  A necrophage (D:11)
  19 centaurs
  A sky beast (D:5)
  17 wolves
  2 elephant zombies (Lair:3)
  2 phantoms
  4 boggarts (D:15)
  17 ogres
  4 big kobolds
  3 small abominations (Gauntlet)
  36 bullfrogs
  A gnoll sergeant (D:10)
  2 wyvern zombies (D:14)
  A water moccasin zombie (D:6)
  3 scorpions
  10 killer bees
  29 wights
  5 howler monkeys
  11 electric eels
  4 bullfrog zombies
  6 hounds
  28 orc wizards
  A basilisk zombie (Lair:3)
  3 jellies
  12 orc priests
  4 iguanas
  Ijyb (D:3)
  7 worker ants
  A hound zombie (D:6)
  3 worker ant zombies
  13 adders
  7 gnolls
  2 shadow imps
  3 white imps
  4 oozes
  An adder skeleton (D:5)
  3 worms
  A dart slug (D:1)
  3 leopard geckos
  81 orcs
  13 bats
  6 giant cockroaches
  13 goblins
  6 hobgoblins
  28 jackals
  6 quokkas
  3 ball pythons
  A ball python skeleton (D:5)
  12 frilled lizards
  A jackal skeleton (D:9)
  16 kobolds
  A leopard gecko zombie (D:5)
  A quokka zombie (D:5)
  3 rats
  A lurking horror (Lair:3)
  A plant (Snake:1)
975 creatures vanquished.

Vanquished Creatures (collateral kills)
  A hydra (Lair:1)
  A komodo dragon (Lair:1)
2 creatures vanquished.

Vanquished Creatures (others)
  A black mamba (Snake:3)
  A fire elemental (Snake:3)
  A hell hound (Snake:3)
  2 orc wizards (Orc:2)
  13 fungi
  100 plants
118 creatures vanquished.

Grand Total: 1095 creatures vanquished

Notes
Turn   | Place    | Note
-------+----------+-------------------------------------------
     0 | D:1      | Amaterasu the Minotaur Fighter began the quest for the Orb.
     0 | D:1      | Reached XP level 1. HP: 19/19 MP: 0/0
    68 | D:1      | Reached skill level 3 in Long Blades
    81 | D:1      | Reached XP level 2. HP: 20/26 MP: 1/1
   557 | D:1      | Reached skill level 4 in Long Blades
   807 | D:2      | Found a burning altar of Makhleb.
   812 | D:2      | Reached skill level 5 in Long Blades
   812 | D:2      | Reached XP level 3. HP: 30/33 MP: 2/2
   866 | D:2      | Reached XP level 4. HP: 38/40 MP: 3/3
   946 | D:2      | Found a bloodstained altar of Trog.
   997 | D:2      | Reached skill level 1 in Dodging
  1124 | D:2      | Found a snail-covered altar of Cheibriados.
  1412 | D:3      | Reached XP level 5. HP: 46/46 MP: 4/4
  1529 | D:3      | Noticed an ogre
  1539 | D:3      | Found a sacrificial altar of Ru.
  1545 | D:3      | Killed an ogre
  1546 | D:3      | Reached skill level 5 in Armour
  1673 | D:3      | Found a glowing drain.
  1695 | Sewer    | Entered a sewer
  1816 | Sewer    | Noticed Purgy
  1845 | Sewer    | Killed Purgy
  1846 | Sewer    | Reached skill level 5 in Fighting
  1846 | Sewer    | Reached XP level 6. HP: 10/56 MP: 5/5
  2328 | D:3      | You fall into a shaft and drop 1 floor!
  2439 | D:3      | Reached XP level 7. HP: 50/62 MP: 6/6
  2634 | D:3      | Noticed Sigmund
  2641 | D:3      | Killed Sigmund
  2642 | D:3      | Reached skill level 1 in Crossbows
  2828 | D:3      | Noticed Ijyb
  2837 | D:3      | Killed Ijyb
  3367 | D:4      | Reached skill level 6 in Long Blades
  3401 | D:4      | You fall into a shaft and drop 3 floors!
  3542 | D:6      | Reached skill level 7 in Long Blades
  3547 | D:6      | Found a glowing golden altar of the Shining One.
  3552 | D:5      | Entered Level 5 of the Dungeon
  3580 | D:5      | Reached XP level 8. HP: 70/70 MP: 7/7
  3698 | D:4      | Reached skill level 8 in Long Blades
  4289 | D:5      | Reached skill level 9 in Long Blades
  4498 | D:6      | Reached skill level 5 in Crossbows
  5114 | D:6      | Reached skill level 1 in Evocations
  5166 | D:6      | Found the +7 captain's cutlass {speed, disarm}
  5253 | D:7      | Reached XP level 9. HP: 67/75 MP: 8/8
  5461 | D:7      | Found a staircase to the Ecumenical Temple.
  5473 | Temple   | Entered the Ecumenical Temple
  5561 | Temple   | Became a worshipper of Warmaster Okawaru
  5723 | D:7      | Reached skill level 10 in Long Blades
  5757 | D:7      | Found a sacrificial altar of Ru.
  5761 | D:7      | Found a sparkling altar of Nemelex Xobeh.
  5761 | D:7      | Found a blossoming altar of Fedhas.
  5770 | D:7      | Found a broken altar of Ashenzari.
  5773 | D:7      | Found a hide-covered altar of Uskayaw.
  5847 | D:7      | Noticed a two-headed ogre
  5852 | D:7      | Killed a two-headed ogre
  5852 | D:7      | Reached * piety under Okawaru
  6414 | D:8      | Found Lostruk's Armour Emporium.
  6437 | D:8      | Bought the +0 pair of gloves of Space {rC+ Regen+ rCorr}
                  | for 289 gold pieces
  6462 | D:8      | Noticed Gastronok
  6476 | D:8      | Killed Gastronok
  6476 | D:8      | Reached ** piety under Okawaru
  6477 | D:8      | Reached skill level 11 in Long Blades
  6477 | D:8      | Reached skill level 5 in Dodging
  6477 | D:8      | Reached XP level 10. HP: 67/86 MP: 9/9
  6680 | D:8      | Reached skill level 12 in Long Blades
  6687 | D:8      | Found a staircase to the Lair.
  6857 | D:9      | Noticed a manticore
  6863 | D:9      | Reached *** piety under Okawaru
  6866 | D:9      | Killed a manticore
  6866 | D:9      | Received a gift from Okawaru
  6954 | D:9      | Reached skill level 1 in Invocations
  7207 | D:9      | Noticed a two-headed ogre
  7218 | D:9      | Killed a two-headed ogre
  7218 | D:9      | Reached **** piety under Okawaru
  7251 | D:9      | Reached XP level 11. HP: 91/95 MP: 11/11
  7398 | D:9      | Found Zoschu's Magic Scroll Boutique.
  7413 | D:9      | Bought a scroll of identify for 28 gold pieces
  7413 | D:9      | Bought a scroll of identify for 28 gold pieces
  7413 | D:9      | Bought a scroll of identify for 28 gold pieces
  7413 | D:9      | Bought a scroll of identify for 28 gold pieces
  7413 | D:9      | Bought a scroll of identify for 28 gold pieces
  7668 | D:10     | Entered Level 10 of the Dungeon
  7887 | D:10     | Noticed a two-headed ogre
  7892 | D:10     | Killed a two-headed ogre
  7892 | D:10     | Reached ***** piety under Okawaru
  7999 | D:10     | Noticed a two-headed ogre
  8004 | D:10     | Killed a two-headed ogre
  8015 | D:10     | Found a portal to a secret trove of treasure.
  8111 | D:10     | Received a gift from Okawaru
  8612 | Lair:1   | Entered Level 1 of the Lair of Beasts
  8612 | Lair:1   | Noticed a four-headed hydra
  8622 | Lair:1   | Killed a four-headed hydra
  8623 | Lair:1   | Reached skill level 10 in Fighting
  8625 | Lair:1   | Received a gift from Okawaru
  8954 | Lair:1   | Reached skill level 10 in Armour
  9042 | Lair:1   | Noticed Maggie
  9060 | Lair:1   | Received a gift from Okawaru
  9064 | Lair:1   | Reached skill level 5 in Evocations
  9067 | Lair:1   | Killed Maggie
  9199 | Lair:1   | Received a gift from Okawaru
  9200 | Lair:1   | Reached XP level 12. HP: 67/106 MP: 14/14
  9601 | Lair:1   | Reached skill level 13 in Long Blades
  9929 | Lair:2   | Received a gift from Okawaru
 10398 | Lair:2   | Reached skill level 14 in Long Blades
 10517 | Lair:2   | Reached skill level 5 in Invocations
 10966 | Lair:3   | Reached ****** piety under Okawaru
 11109 | Lair:3   | Noticed Sonja
 11112 | Lair:3   | Killed Sonja
 11128 | Lair:3   | Noticed a five-headed hydra
 11137 | Lair:3   | Killed a one-headed hydra
 11137 | Lair:3   | Received a gift from Okawaru
 11138 | Lair:3   | Reached skill level 15 in Long Blades
 11306 | Lair:3   | Noticed a death yak
 11307 | Lair:3   | Noticed a death yak
 11307 | Lair:3   | Noticed a death yak
 11308 | Lair:3   | Noticed a death yak
 11320 | Lair:3   | Noticed a death yak
 11322 | Lair:3   | Killed a death yak
 11330 | Lair:3   | Killed a death yak
 11334 | Lair:3   | Killed a death yak
 11344 | Lair:3   | Killed a death yak
 11348 | Lair:3   | Killed a death yak
 11348 | Lair:3   | Received a gift from Okawaru
 11349 | Lair:3   | Reached skill level 16 in Long Blades
 11349 | Lair:3   | Reached XP level 13. HP: 84/113 MP: 12/15
 11771 | Lair:3   | Found a one-way gate to the infinite horrors of the Abyss.
 11782 | Lair:3   | Found a corrupted altar of Lugonu.
 11892 | Lair:3   | Found a staircase to the Shoals.
 12891 | Lair:4   | Found a staircase to the Snake Pit.
 13076 | Lair:4   | Found an iron altar of Okawaru.
 13602 | Lair:5   | Found a shimmering altar of Xom.
 13845 | Lair:5   | Received a gift from Okawaru
 13853 | Lair:5   | Received a gift from Okawaru
 13959 | Lair:5   | Found a dark tunnel.
 13970 | Volcano  | Entered a volcano
 14369 | Lair:5   | Found a staircase to the Slime Pits.
 14369 | Lair:5   | Found a viscous altar of Jiyva.
 14386 | Lair:5   | Noticed Josephine
 14395 | Lair:5   | Killed Josephine
 14498 | Lair:5   | Reached XP level 14. HP: 124/124 MP: 17/17
 14505 | Lair:5   | Received a gift from Okawaru
 14907 | Lair:5   | Reached XP level 15. HP: 132/132 MP: 18/18
 15019 | Lair:6   | Entered Level 6 of the Lair of Beasts
 15167 | Lair:6   | Reached skill level 17 in Long Blades
 15431 | Lair:6   | Received a gift from Okawaru
 15625 | Lair:6   | Received a gift from Okawaru
 16603 | D:11     | Found the +9 sword of Zonguldrok {reap}
 16858 | D:11     | Reached skill level 18 in Long Blades
 17424 | D:12     | You fall into a shaft and drop 3 floors!
 17424 | D:15     | Entered Level 15 of the Dungeon
 17509 | D:14     | Found a gate leading to a gauntlet.
 17522 | Gauntlet | Entered a Gauntlet
 17522 | Gauntlet | Found a transporter.
 17522 | Gauntlet | Found a transporter.
 17522 | Gauntlet | Found a transporter.
 17546 | Gauntlet | Found a transporter.
 17558 | Gauntlet | Found a transporter.
 17559 | Gauntlet | Found a transporter.
 17561 | Gauntlet | Found a large runed translucent door.
 17562 | Gauntlet | Found a large runed translucent door.
 17563 | Gauntlet | Found a large runed translucent door.
 17563 | Gauntlet | Found a large runed translucent door.
 17563 | Gauntlet | Found a runed translucent door.
 17563 | Gauntlet | Found a runed translucent door.
 17564 | Gauntlet | Found a large runed translucent door.
 17565 | Gauntlet | Found a large runed translucent door.
 17566 | Gauntlet | Found a large runed translucent door.
 17566 | Gauntlet | Found a large runed translucent door.
 17567 | Gauntlet | Found a runed translucent gate.
 17567 | Gauntlet | Found a runed translucent gate.
 17567 | Gauntlet | Found a runed translucent gate.
 17569 | Gauntlet | Found a transporter.
 17578 | Gauntlet | Found a large runed translucent door.
 17578 | Gauntlet | Found a large runed translucent door.
 17579 | Gauntlet | Found the +2 Maxwell's thermic engine {flame, freeze}
 17579 | Gauntlet | Found a large runed translucent door.
 17580 | Gauntlet | Found a large runed translucent door.
 17588 | Gauntlet | Found a transporter.
 17602 | Gauntlet | Found a transporter.
 17605 | Gauntlet | Found a transporter.
 17606 | Gauntlet | Found a runed translucent door.
 17615 | Gauntlet | Found a transporter.
 17616 | Gauntlet | Found a transporter.
 17656 | Gauntlet | Found a large runed translucent door.
 17657 | Gauntlet | Found a large runed translucent door.
 17658 | Gauntlet | Found a large runed translucent door.
 17658 | Gauntlet | Found a large runed translucent door.
 18125 | D:13     | Found a gate to the Vaults.
 18390 | D:12     | Found a staircase to the Orcish Mines.
 18829 | D:13     | Reached XP level 16. HP: 132/141 MP: 17/20
 19260 | D:13     | Received a gift from Okawaru
 19816 | D:14     | Reached skill level 5 in Shields
 20383 | D:15     | Reached skill level 10 in Dodging
 20443 | D:15     | Reached skill level 19 in Long Blades
 20492 | D:15     | Found a burning altar of Makhleb.
 20521 | D:15     | Found a glowing golden altar of the Shining One.
 20746 | D:15     | Received a gift from Okawaru
 20808 | D:15     | Received a gift from Okawaru
 21085 | D:15     | Found a staircase to the Depths.
 21424 | Orc:1    | Entered Level 1 of the Orcish Mines
 21623 | Orc:2    | Entered Level 2 of the Orcish Mines
 21633 | Orc:2    | Found a staircase to the Elven Halls.
 21896 | Orc:2    | Found a roughly hewn altar of Beogh.
 22236 | Orc:2    | Found Keuwoj's Antique Armour Boutique.
 22252 | Orc:2    | Found an ancient bone altar of Kikubaaqudgha.
 22252 | Orc:2    | Noticed Nergalle
 22265 | Orc:2    | Killed Nergalle
 22293 | Orc:2    | Found a radiant altar of Vehumet.
 22296 | Orc:2    | Found Celameij's Antique Weapon Boutique.
 22321 | Orc:2    | Found Fufel's Magic Scroll Shop.
 22398 | Orc:2    | Bought a scroll of identify for 24 gold pieces
 22398 | Orc:2    | Bought a scroll of identify for 24 gold pieces
 22398 | Orc:2    | Bought a scroll of identify for 24 gold pieces
 22398 | Orc:2    | Bought a scroll of enchant weapon for 90 gold pieces
 22421 | Orc:2    | Found a roughly hewn altar of Beogh.
 22421 | Orc:2    | Found Gorch's Book Boutique.
 22748 | Snake:1  | Entered Level 1 of the Snake Pit
 22788 | Snake:1  | Found Zeucs's Assorted Antiques.
 22790 | Snake:1  | Found Juest's Jewellery Shop.
 23121 | Snake:1  | Found Dynunuu's Jewellery Shop.
 23122 | Snake:1  | Found Duigamye's Gadget Shoppe.
 23123 | Snake:1  | Found Wukaqyt's Jewellery Shop.
 23138 | Snake:1  | Bought an uncursed amulet of regeneration for 420 gold
                  | pieces
 23222 | Snake:1  | Reached XP level 17. HP: 115/154 MP: 21/21
 23300 | Snake:1  | Received a gift from Okawaru
 23432 | Snake:1  | Found Poekin's Antique Weapon Shoppe.
 23533 | Snake:1  | Noticed Aizul
 23564 | Snake:1  | Found Ironuach's Antique Weapon Shoppe.
 23606 | Snake:1  | Received a gift from Okawaru
 23761 | Snake:1  | Killed Aizul
 23924 | Snake:1  | Found a shimmering blue altar of Sif Muna.
 23994 | Snake:1  | Found Geeh's Antique Armour Shop.
 24060 | Snake:1  | Reached skill level 20 in Long Blades
 24318 | Snake:2  | Found Huarghega's Antique Weapon Boutique.
 24531 | Snake:2  | Reached skill level 15 in Fighting
 24538 | Snake:2  | Reached skill level 10 in Shields
 24620 | Snake:2  | Found Ruicugie's Antique Weapon Shoppe.
 24763 | Snake:2  | Received a gift from Okawaru
 24780 | Snake:2  | Identified the +6 eveningstar of Anguish {freeze, rPois rC+
                  | Int+3 Stlth+} (Okawaru gifted it to you on level 2 of the
                  | Snake Pit)
 25728 | Snake:3  | Noticed Azrael
 25741 | Snake:3  | Killed Azrael
 26193 | Snake:3  | Reached skill level 21 in Long Blades
 26199 | Snake:3  | Received a gift from Okawaru
 26483 | Snake:3  | Found a transporter.
 26512 | Snake:3  | Found a transporter.
 26569 | Snake:3  | Received a gift from Okawaru
 27080 | Snake:4  | Entered Level 4 of the Snake Pit
 27236 | Snake:4  | Found Banopets's Distillery.
 27245 | Snake:4  | Bought a potion of experience for 650 gold pieces
 27245 | Snake:4  | Reached XP level 18. HP: 163/163 MP: 22/22
 27820 | Snake:4  | Received a gift from Okawaru
 27882 | Snake:4  | Collided with a stone wall

Illustrated notes

Levels and vault maps discovered:
D:1:      heliophobic_arrival_dark_side_of_the_moon, layout_basic
D:2:      layout_rooms, nicolae_overflow_crystal_walls,
          overflow_temple_1_default, grunt_ministairs_11, minmay_misc_feat_chi,
          chequers_serial_rivers_micro_c, makhleb_blood_cavern_becter
D:3:      kennysheep_goblin_castle, layout_loops_ring, portal_sewer_entry_f,
          st_stairs_10, nicolae_ru_the_path_less_chosen, uniq_sigmund
D:4:      layout_basic, st_stairs_9
D:5:      layout_basic
D:6:      layout_loops_corners, basic_altar
D:7:      layout_gridville, minmay_overflow_temple_star_hex,
          minmay_temple_entry_sparse_star
D:8:      layout_gridville, lair_entry_dummy, serial_shops, nicolae_shop_trees,
          minmay_fountain_box, uniq_gastronok
D:9:      cheibrodos_elevator_heist, layout_cave_pools, serial_shops,
          nicolae_shop_waterfront
D:10:     layout_irregular_city, enter_trove_0, minmay_radiant
D:11:     layout_loops_cross
D:12:     lemuel_ice_spiral_2, layout_basic, orc_0_dummy
D:13:     layout_loops_ring, david_vaults_1
D:14:     layout_stronghold, gauntlet_entry_generic, grunt_ministairs_13
D:15:     grunt_enter_depths_hoard, layout_gridville,
          portal_ice_cave_entry_ice_beasts, minivault_27, nzn_life_drinkers
Temple:   regret_index_temple_waves
Lair:1:   layout_cave_pods, lemuel_fruit_tree, infiniplex_staircase_pool,
          lemuel_fruit_fields, uniq_maggie
Lair:2:   layout_cave_shapes, serial_bayou_shore_a
Lair:3:   pond_and_an_island_with_a_cottage, layout_loops_ring,
          minmay_shoals_entry_centaurs, chequers_serial_rivers_micro_e,
          amcnicky_altar_lugonu_corruption, uniq_sonja
Lair:4:   layout_layer_cave, dummy_snake_entry, amcnicky_altar_gilded,
          grunt_megastairs_4
Lair:5:   nzn_winding_woodlands_small
          [nzn_winding_woodlands_5x15_pathside_ponds,
          nzn_winding_woodlands_center_garden,
          nzn_winding_woodlands_5x15_jagged], layout_cave_shapes, slime_altar_1,
          basic_altar, nicolae_volcano_entry_lava_flow, uniq_josephine
Lair:6:   grunt_lair_end_beastmaster, layout_cave_pods,
          infiniplex_staircase_pool_2, grunt_megastairs_5
Snake:1:  layout_honeycomb, basic_altar, serial_shops, shop, shop_fountains,
          nicolae_shop_behind_doors, shop, shop, serial_bayou_lagoon_a,
          minmay_shop_grove, serial_bayou_shore_b, uniq_aizul
Snake:2:  layout_layer_cave, serial_shops, nicolae_shop_statue_plus,
          minmay_shop_star
Snake:3:  gammafunk_the_bubble [the_bubble_gammafunk_crates], layout_layer_cave,
          uniq_azrael
Snake:4:  snake_pit, layout_grid_maze, serial_shops, nicolae_shop_crystal
Orc:1:    orc_temple, layout_caves
Orc:2:    kennysheep_orc_mage_school, layout_caves, basic_altar,
          lightli_orcish_oven

Skill      XL: |  1  2  3  4  5  6  7  8  9 10 11 12 13 14 15 16 17 |
---------------+----------------------------------------------------+-----
Long Blades    | 3 5 7 9 11 12 16 18 19 21 | 21.9
Armour         | 4 5 6 8 10 12 | 12.0
Dodging        | 1 2 3 4 5 6 7 8 9 10 | 10.0
Fighting       | 4 5 6 7 8 10 11 12 14 15 | 15.0
Crossbows      | 2 5 7 8 9 11 12 13 | 13.7
Evocations     | 1 2 4 5 6 7 8 |  8.8
Invocations    | 2 4 5 6 7 |  7.0
Shields        | 4 9 10 | 10.0

Action                   |  1- 3 |  4- 6 |  7- 9 | 10-12 | 13-15 | 16-18 || total
-------------------------+-------+-------+-------+-------+-------+-------++-------
Melee: Long sword        |    58 |   196 |   139 |     6 |    19 |       ||   418
       Headbutt          |     3 |    34 |    49 |   101 |   224 |   242 ||   653
       Great sword       |       |       |    74 |   344 |   151 |       ||   569
       Triple sword      |       |       |       |       |   345 |   365 ||   710
       Double sword      |       |       |       |       |   129 |   565 ||   694
 Fire: Arbalest          |       |       |       |    12 |    17 |    10 ||    39
Invok: Heroism           |       |       |       |     5 |     3 |     4 ||    12
       Finesse           |       |       |       |     1 |     1 |     3 ||     5
Evoke: Wand              |       |       |       |     2 |       |     2 ||     4
       Phantom mirror    |       |       |       |     1 |       |       ||     1
       Condenser vane    |       |       |       |       |     1 |       ||     1
  Use: Scroll            |     6 |     2 |    13 |     7 |    14 |    11 ||    53
       Potion            |       |     1 |       |       |     4 |     7 ||    12
 Stab: Petrifying        |       |       |       |       |     1 |       ||     1
       Petrified         |       |       |       |       |     1 |       ||     1
Armor: Scale mail        |    40 |   121 |    21 |       |       |       ||   182
       Chain mail        |       |       |    49 |   124 |    62 |       ||   235
       Plate armour      |       |       |       |       |   216 |   394 ||   610
       Fire dragon scale |       |       |       |       |    10 |       ||    10
       Skin              |       |       |       |       |       |     6 ||     6
Dodge: Dodged            |    23 |    79 |   111 |   313 |   521 |   429 ||  1476
Block: Kite shield       |    36 |   106 |    65 |       |    52 |   345 ||   604
       Rpst.: Long sword |     5 |    17 |    15 |       |     4 |       ||    41
       Great sword       |       |       |    16 |    62 |    41 |       ||   119
       Triple sword      |       |       |       |       |    83 |    48 ||   131
       Double sword      |       |       |       |       |    10 |    35 ||    45
